 Dungeon Crawl Stone Soup version 0.23.1-42-g8abd8fc (webtiles) character file.

Game seed: 5202556498069945359

230 Kairos the Shield-Bearer (level 5, -3/48 HPs)
             Began as a Minotaur Fighter on Mar 30, 2019.
             Slain by Grinder (5 damage)
             ... while paralysed by Grinder
             ... on level 3 of the Dungeon.
             The game lasted 00:02:45 (1791 turns).

Kairos the Shield-Bearer (Minotaur Fighter)         Turns: 1791, Time: 00:02:46

Health: -3/48      AC: 13    Str: 22    XL:     5   Next: 72%
Magic:  4/4        EV:  2    Int:  5    God:
Gold:   148        SH:  0    Dex:  9    Spells: 4/4 levels left

rFire    . . .     SeeInvis .   p - +0 whip (elec)
rCold    . . .     Gourm    .   c - +0 shield
rNeg     . . .     Faith    .   g - +0 plate armour
rPois    .         Spirit   .   (helmet restricted)
rElec    .         Reflect  .   (no cloak)
rCorr    .         Harm     .   (no gloves)
MR       .....                  (no boots)
Stlth    ..........             (no amulet)
HPRegen  0.16/turn              h - ring of wizardry
MPRegen  0.09/turn              j - +1 ring of protection

@: paralysed
A: retaliatory headbutt, horns 2
a: no special abilities


You were on level 3 of the Dungeon.
You were not hungry.

You visited 1 branch of the dungeon, and saw 3 of its levels.

You collected 148 gold pieces.

Inventory:

Hand Weapons
 a - a +0 war axe
 p - a +0 whip of electrocution (weapon)
Missiles
 q - 3 throwing nets (quivered)
Armour
 c - a +0 shield (worn)
 g - a +0 plate armour (worn)
Jewellery
 h - a ring of wizardry (left hand)
 j - a +1 ring of protection (right hand)
Scrolls
 b - a scroll of enchant armour {unknown}
 e - a scroll of identify {unknown}
 k - a scroll of magic mapping {unknown}
 l - 2 scrolls of teleportation {unknown}
 m - a scroll of enchant weapon {unknown}
 n - 2 scrolls of fog {unknown}
Potions
 d - a potion of might
 i - a potion of haste {unknown}
 o - a potion of heal wounds {unknown}
Comestibles
 f - 2 rations


   Skills:
 + Level 5.0 Fighting
 + Level 3.9(4.1) Axes
 + Level 1.7(3.0) Maces & Flails
 + Level 4.6 Armour
 + Level 0.5 Dodging
 + Level 5.0 Shields


You had 4 spell levels left.
You didn't know any spells.
Your spell library was empty.

Dungeon Overview and Level Annotations

Branches:
Dungeon (3/15)

Altars:
Sif Muna

Annotations:
D:3 Grinder


Innate Abilities, Weirdness & Mutations

You reflexively headbutt those who attack you in melee.
You have a pair of horns on your head.


Message History

You are too injured to fight recklessly!
You are too injured to fight recklessly!
You are too injured to fight recklessly!
You are too injured to fight recklessly!
You are too injured to fight recklessly!
You closely miss Grinder. Grinder gestures at you.
Pain shoots through your body!
* * * LOW HITPOINT WARNING * * *
You hit Grinder but do no damage. Your headbutt misses Grinder.
You block Grinder's attack.
You hit Grinder but do no damage. Lightning courses through Grinder!
Grinder is heavily wounded.
Grinder gestures at you.
You suddenly lose the ability to move!
Grinder blinks!
Grinder hits you.
* * * LOW HITPOINT WARNING * * *
Grinder hits you.
You die...

### #...)..#.# ..# #.#.##.#.#
..#######....#.#.##
....>..(..........#
..##.######....#.)# ##########
..........#...##..## #........#
.......##.#...##...# #........#
........#.#...##.#.## #........#
........#.#...##@#..####.†......#
#...<...#.#...##.5....##........#
#......>.......)......)..........
#.....#.#.#<..###.....##.........
#####.#.#.#.#.# ####..##.........
......#.#.#.#.# ##.##..)gg....
#######.#.#.#.# #..######.###
#.#.#.#.# ##.# ####.## #.#.#.#.#
.# #.....#


You could see Grinder.

Vanquished Creatures
  An orc priest (D:3)
  Ijyb (D:2)
  2 adders (D:2)
  8 gnolls
  An ooze (D:2)
  2 worms (D:2)
  A dart slug (D:1)
  A leopard gecko (D:2)
  6 orcs (D:3)
  A ball python (D:2)
  2 giant cockroaches (D:2)
  6 goblins
  5 hobgoblins
  10 kobolds
  8 bats
  3 frilled lizards
  11 rats
69 creatures vanquished.

Vanquished Creatures (others)
  A plant (D:1)
1 creature vanquished.

Grand Total: 70 creatures vanquished

Notes
Turn   | Place    | Note
-------+----------+-------------------------------------------
     0 | D:1      | Kairos the Minotaur Fighter began the quest for the Orb.
     0 | D:1      | Reached XP level 1. HP: 19/19 MP: 0/0
   146 | D:1      | Reached XP level 2. HP: 27/27 MP: 1/1
   707 | D:2      | Reached XP level 3. HP: 30/33 MP: 2/2
   961 | D:2      | Reached XP level 4. HP: 20/41 MP: 3/3
  1336 | D:2      | Found a deep blue altar of Sif Muna.
  1560 | D:3      | Noticed Ijyb
  1625 | D:2      | Killed Ijyb
  1625 | D:2      | Reached XP level 5. HP: 37/47 MP: 4/4
  1730 | D:3      | Noticed Grinder
  1750 | D:3      | Reached skill level 5 in Shields
  1764 | D:3      | Reached skill level 1 in Maces & Flails
  1781 | D:3      | Reached skill level 5 in Fighting
  1787 | D:3      | Paralysed by Grinder for 6 turns
  1790 | D:3      | HP: 1/48 [Grinder (6)]
  1791 | D:3      | Slain by Grinder

Skill      XL: |  1  2  3  4  5 |
---------------+----------------+-----
Fighting       | 4 5 |  5.0
Shields        | 4 5 |  5.0
Axes           | 3 |  3.9
Armour         | 4 |  4.6
Maces & Flails | 1 |  1.7
Dodging        | |  0.5

Action                   |  1- 3 |  4- 6 || total
-------------------------+-------+-------++-------
Melee: War axe           |   128 |       ||   128
       Headbutt          |    19 |     9 ||    28
       Whip              |     4 |   111 ||   115
  Eat: Chunk             |       |     3 ||     3
Armor: Scale mail        |    14 |       ||    14
       Plate armour      |    75 |    76 ||   151
Dodge: Dodged            |    34 |    27 ||    61
Block: Shield            |    95 |    37 ||   132
